WCHLSIM.com - West Coast Hockey League
html PUBLIC "-//W3C//DTD XHTML 1.0 Transitional//EN" "http://www.w3.org/TR/xhtml1/DTD/xhtml1-transitional.dtd"> WCHL - Game 719 - WINNIPEG BEAVERS vs SAN DIEGO THUNDER

WINNIPEG BEAVERS vs SAN DIEGO THUNDER

Created - 26 janvier 2020 at 10:22

Goals
1 2 3 OT1 SO T
WINNIPEG BEAVERS 1 0 0 0 1 1
SAN DIEGO THUNDER 0 0 1 0 2 2
Shots
1 2 3 OT1 SO T
WINNIPEG BEAVERS 12 5 3 0 5 20
SAN DIEGO THUNDER 7 5 17 2 5 31

1st period

1. WINNIPEG BEAVERS , Reyley Smith 20 (Mika Zibanejad 22) at 13:54

Penalties :
Kris Russell (WIN) for Slashing (Minor) at 2:43, Kevan Miller (WIN) for Hooking (Minor) at 6:52, Nikita Kucherov (SDG) for Interference (Minor) at 16:24

2nd period

No Goal

Penalties :
Brad Marchand (WIN) for Interference (Minor) at 0:30, David Backes (WIN) for Hooking (Minor) at 14:11, Mika Zibanejad (WIN) for Roughing (Minor) at 16:12

3rd period

2. SAN DIEGO THUNDER , Radko Gudas 4 (Evander Kane 28, Bo Horvat 38) at 1:20 (PP)

Penalties :
Brandon Tanev (WIN) for Hooking (Minor) at 1:10, Mike Green (WIN) for Tripping (Minor) at 1:51, Brandon Tanev (WIN) for Hooking (Minor) at 5:56, Radko Gudas (SDG) for Tripping (Minor) at 13:51, Justin Braun (WIN) for Hooking (Minor) at 19:13, Kevan Miller (WIN) for Tripping (Minor) at 19:53

Overtime #1

No Goal

Penalties :
No Penalty

Shootout

WINNIPEG BEAVERS, Brad Marchand - Stopped by Connor Hellebuyck
SAN DIEGO THUNDER, Nikita Kucherov - Goal!
WINNIPEG BEAVERS, Gustav Nyquist - Stopped by Connor Hellebuyck
SAN DIEGO THUNDER, Logan Couture - Shot Misses the Net
WINNIPEG BEAVERS, David Krejci - Goal!
SAN DIEGO THUNDER, David Perron - Stopped by Sergei Bobrovsky
WINNIPEG BEAVERS, Reyley Smith - Shot Misses the Net
SAN DIEGO THUNDER, Bo Horvat - Shot Misses the Net
WINNIPEG BEAVERS, Gustav Nyquist - Shot Misses the Net
SAN DIEGO THUNDER, Josh Anderson - Goal!

Penalties :
No Penalty

Goalie Stats

Sergei Bobrovsky (WIN), 30 saves from 31 shots - (0,968), OTL, 25-13-2, 65:00 minutes
Connor Hellebuyck (SDG), 19 saves from 20 shots - (0,950), W, 20-15-3, 65:00 minutes

Players Stats for WINNIPEG BEAVERS

Player Name              G  A  P  +/- PIM S  H  SB GA TA FO     MP     PP MP  PK MP  
------------------------------------------------------------------------------------
Brad Marchand            0  0  0   0  2   3  0  0  0  0  0/0    17:08   1:47   0:00 
Brandon Tanev            0  0  0   0  4   0  3  0  0  0  0/0    16:26   0:00   5:45 
David Backes             0  0  0   0  2   1  1  0  0  0  5/8    16:17   0:00   6:09 
David Krejci             0  0  0   0  0   1  0  0  0  0  11/19  17:36   1:47   0:54 
Gustav Nyquist           0  0  0   0  0   3  0  0  0  0  0/0    16:28   2:11   0:00 
Ilya Kovalchuk           0  0  0   1  0   0  0  0  0  0  0/0    16:13   2:11   0:00 
Justin Braun             0  0  0   0  2   0  3  2  0  0  0/0    21:54   0:00   7:50 
Kevan Miller             0  0  0   0  4   0  2  1  0  0  0/0    16:15   0:00   6:08 
Kris Russell             0  0  0   0  2   0  1  1  0  0  0/0    22:33   1:42   6:18 
Matt Cullen              0  0  0   0  0   0  0  0  0  0  2/3    10:40   0:00   6:30 
Mika Zibanejad           0  1  1   1  2   7  1  2  0  0  10/18  18:00   2:16   2:04 
Mike Green               0  0  0   1  2   0  1  2  0  0  0/0    24:57   2:16   3:58 
Nick Seeler              0  0  0   1  0   0  2  0  0  0  0/0    10:18   0:00   0:32 
Pontus Aberg             0  0  0   0  0   0  0  0  0  0  0/0     4:10   0:00   0:00 
Reyley Smith             1  0  1   1  0   2  0  0  0  0  1/2    15:52   1:47   0:00 
Travis Zajac             0  0  0   0  0   2  0  0  0  0  21/34  21:48   2:11   9:28 
Troy Brouwer             0  0  0   0  0   1  2  0  0  0  0/0     4:45   0:00   0:35 
Zach Bogosian            0  0  0   0  0   0  1  4  0  0  0/0    28:35   1:42   8:37 

Players Stats for SAN DIEGO THUNDER

Player Name              G  A  P  +/- PIM S  H  SB GA TA FO     MP     PP MP  PK MP  
------------------------------------------------------------------------------------
Alexander Edler          0  0  0   0  0   2  0  0  0  0  0/0    25:38   9:06   2:20 
Bo Horvat                0  1  1   0  0   3  1  0  0  0  18/31  21:54   8:20   0:13 
Charles McAvoy           0  0  0   0  0   0  0  0  0  0  0/0    24:03   6:56   0:29 
Christian Fischer        0  0  0  -1  0   0  0  0  0  0  1/2     3:47   0:00   0:00 
Connor Murphy            0  0  0  -1  0   1  0  1  0  0  0/0    23:57   9:06   2:07 
David Perron             0  0  0   0  0   1  0  0  0  0  0/3    24:37   7:42   0:00 
Dominik Kahun            0  0  0  -1  0   1  0  0  0  0  0/0    13:32   0:00   0:16 
Evander Kane             0  1  1   0  0   9  5  0  0  0  1/1    25:35   8:20   2:31 
James Neal               0  0  0  -1  0   0  0  0  0  0  0/1     3:47   0:00   0:00 
Jared McCann             0  0  0   0  0   0  0  0  0  0  0/0     0:00   0:00   0:00 
Jean-Gabriel Pageau      0  0  0   0  0   2  1  0  0  0  2/14   12:33   0:00   2:34 
Josh Anderson            0  0  0   0  0   0  1  0  0  0  1/2    22:26   8:20   1:11 
Josh Manson              0  0  0  -1  0   0  1  0  0  0  0/0    18:50   0:00   2:13 
Logan Couture            0  0  0   0  0   3  0  0  0  0  10/28  24:12   7:42   0:00 
Nikita Kucherov          0  0  0   0  2   7  4  0  0  0  0/1    24:11   7:42   0:00 
Patrik Nemeth            0  0  0   0  0   0  1  1  0  0  0/0    12:30   0:00   0:00 
Pierre-Edouard Bellemare 0  0  0   0  0   1  0  0  0  0  1/1    10:40   0:00   1:11 
Radko Gudas              1  0  1   0  2   1  2  0  0  0  0/0    21:54   6:56   0:47 

3 Stars

1 - Sergei Bobrovsky (WIN)
2 - Evander Kane (SDG)
3 - Reyley Smith (WIN)

Power Play

WINNIPEG BEAVERS - 0 on 2 Attempt(s) - 0,00%
SAN DIEGO THUNDER - 1 on 10 Attempt(s) - 10,00%

Penalty Kill

WINNIPEG BEAVERS - 9 on 10 Attempt(s) - 90,00% - Score 0 goal in Penalty Kill
SAN DIEGO THUNDER - 2 on 2 Attempt(s) - 100,00% - Score 0 goal in Penalty Kill

Team Stat

WINNIPEG BEAVERS - Hits : 17 - Faceoff Wins : 50 - Blocked Shots : 12 - Penalty Minutes : 20
SAN DIEGO THUNDER - Hits : 16 - Faceoff Wins : 34 - Blocked Shots : 2 - Penalty Minutes : 4

Official

Referees : Jamie Koharski and Kyle Rehman
Linesman : Mike Hamilton and Darren Gibbs

Game Notes

Mika Zibanejad is injured at 2:22 of 1st overtime period (Bruised Right Arm)

Finance

Level 1 -- Attendance: 6150 (98,09%) -- Ticket Income 799 500 $
Level 2 -- Attendance: 5128 (96,39%) -- Ticket Income 410 240 $
Level 3 -- Attendance: 2090 (100,00%) -- Ticket Income 114 950 $
Level 4 -- Attendance: 4240 (98,15%) -- Ticket Income 169 600 $
Luxury Box -- Attendance: 1000 (100,00%) -- Ticket Income 240 000 $
Total Attendance: 18608 (97,94%)
Total Ticket Income: 1 734 290 $
Other Income: 520 287 $
Total Income: 2 254 577 $

WINNIPEG BEAVERS

5 vs 5 Forward 
   Center                   Left Wing                Right Wing               Time % Phy DF OF 
 1 David Krejci             Brad Marchand            Gustav Nyquist           33     0   3  2  
 2 Mika Zibanejad           Ilya Kovalchuk           Reyley Smith             31     0   2  3  
 3 Travis Zajac             Brandon Tanev            David Backes             26     1   3  1  
 4 Matt Cullen              Troy Brouwer             Pontus Aberg             10     0   4  1  

5 vs 5 Defense 
   Defense                  Defense                                           Time % Phy DF OF 
 1 Mike Green               Zach Bogosian                                     32     0   3  2  
 2 Justin Braun             Kris Russell                                      31     1   3  1  
 3 Zach Bogosian            Kevan Miller                                      28     1   3  1  
 4 Mike Green               Nick Seeler                                       9      1   4  0  

PowerPlay Forward 
   Center                   Left Wing                Right Wing               Time % Phy DF OF 
 1 David Krejci             Brad Marchand            Reyley Smith             52     0   0  5  
 2 Travis Zajac             Ilya Kovalchuk           Gustav Nyquist           48     0   1  4  

PowerPlay Defense
   Defense                  Defense                                           Time % Phy DF OF 
 1 Mike Green               Mika Zibanejad                                    52     0   0  5  
 2 Zach Bogosian            Kris Russell                                      48     0   1  4  

Penalty Kill 4 Players Forward 
   Center                   Wing                     Time % Phy DF OF 
 1 Travis Zajac             Brandon Tanev            52     1   3  1  
 2 David Backes             Matt Cullen              48     1   4  0  

Penalty Kill 4 Players Defense
   Defense                  Defense                  Time % Phy DF OF 
 1 Zach Bogosian            Kris Russell             50     1   4  0  
 2 Justin Braun             Kevan Miller             50     1   4  0  

Penalty Kill - 3 Players Forward 
   Forward                                           Time % Phy DF OF 
 1 Travis Zajac                                      55     1   2  2  
 2 David Backes                                      45     1   2  2  

Penalty Kill - 3 Players Defense
   Defense                  Defense                  Time % Phy DF OF 
 1 Zach Bogosian            Kris Russell             55     1   2  2  
 2 Justin Braun             Kevan Miller             45     1   2  2  

4 vs 4 Forward 
   Center                   Wing                     Time % Phy DF OF 
 1 David Krejci             Brad Marchand            51     1   2  2  
 2 Mika Zibanejad           Reyley Smith             49     1   2  2  

4 vs 4 Defense
   Defense                  Defense                  Time % Phy DF OF 
 1 Mike Green               Kris Russell             51     1   2  2  
 2 Justin Braun             Nick Seeler              49     1   2  2  

Last Minutes Offensive
   Center                   Left Wing                Right Wing               Defense                  Defense                  
   David Krejci             Brad Marchand            Reyley Smith             Mike Green               Kris Russell             

Last Minutes Defensive
   Center                   Left Wing                Right Wing               Defense                  Defense                  
   David Krejci             Brad Marchand            Reyley Smith             Justin Braun             Kris Russell             

Goaltenders
Starting : Sergei Bobrovsky         
Backup : Linus Ullmark            

Extra Forwards
Normal : Reyley Smith, Brad Marchand, Mika Zibanejad - PP : David Krejci, Brad Marchand - PK : Mika Zibanejad
Extra Defensemen
Normal : Mike Green, Zach Bogosian, Justin Braun - PP : Mike Green - PK : Zach Bogosian, Justin Braun
Penalty Shots
Brad Marchand, Mika Zibanejad, David Krejci, Reyley Smith, Gustav Nyquist
Custom OT Lines Forwards
Brad Marchand, Mika Zibanejad, David Krejci, Reyley Smith, Ilya Kovalchuk, Gustav Nyquist, Brandon Tanev, David Backes, Travis Zajac, Matt Cullen
Custom OT Lines Defensemen
Mike Green, Kris Russell, Justin Braun, Zach Bogosian, Kevan Miller

Scratches
Dominik Shine (Healthy), Trevor Daley (Fractured Metatarsal (Right Foot) Injury), Griffin Reinhart (Healthy), Liam O'Brien (Healthy), Kale Kessy (Healthy)
Olivier Archambault (Healthy)

SAN DIEGO THUNDER

5 vs 5 Forward 
   Center                   Left Wing                Right Wing               Time % Phy DF OF 
 1 Logan Couture            David Perron             Nikita Kucherov          34     1   2  2  
 2 Bo Horvat                Evander Kane             Josh Anderson            31     1   2  2  
 3 Jean-Gabriel Pageau      Pierre-Edouard Bellemare Dominik Kahun            25     1   2  2  
 4 Christian Fischer        Dominik Kahun            James Neal               10     0   4  1  

5 vs 5 Defense 
   Defense                  Defense                                           Time % Phy DF OF 
 1 Alexander Edler          Radko Gudas                                       34     0   2  3  
 2 Connor Murphy            Josh Manson                                       32     1   2  2  
 3 Patrik Nemeth            Charles McAvoy                                    24     1   2  2  
 4 Josh Manson              Charles McAvoy                                    10     0   3  2  

PowerPlay Forward 
   Center                   Left Wing                Right Wing               Time % Phy DF OF 
 1 Logan Couture            David Perron             Nikita Kucherov          55     0   0  5  
 2 Bo Horvat                Evander Kane             Josh Anderson            45     0   0  5  

PowerPlay Defense
   Defense                  Defense                                           Time % Phy DF OF 
 1 Alexander Edler          Connor Murphy                                     55     0   1  4  
 2 Charles McAvoy           Radko Gudas                                       45     0   1  4  

Penalty Kill 4 Players Forward 
   Center                   Wing                     Time % Phy DF OF 
 1 Jean-Gabriel Pageau      Evander Kane             55     1   3  1  
 2 Pierre-Edouard Bellemare Josh Anderson            45     1   3  1  

Penalty Kill 4 Players Defense
   Defense                  Defense                  Time % Phy DF OF 
 1 Alexander Edler          Josh Manson              55     1   2  2  
 2 Connor Murphy            Radko Gudas              45     1   2  2  

Penalty Kill - 3 Players Forward 
   Forward                                           Time % Phy DF OF 
 1 Jean-Gabriel Pageau                               55     1   4  0  
 2 Pierre-Edouard Bellemare                          45     1   4  0  

Penalty Kill - 3 Players Defense
   Defense                  Defense                  Time % Phy DF OF 
 1 Alexander Edler          Josh Manson              55     1   2  2  
 2 Radko Gudas              Connor Murphy            45     1   2  2  

4 vs 4 Forward 
   Center                   Wing                     Time % Phy DF OF 
 1 Logan Couture            Nikita Kucherov          55     1   2  2  
 2 Bo Horvat                Evander Kane             45     1   2  2  

4 vs 4 Defense
   Defense                  Defense                  Time % Phy DF OF 
 1 Charles McAvoy           Patrik Nemeth            55     1   2  2  
 2 Alexander Edler          Connor Murphy            45     1   2  2  

Last Minutes Offensive
   Center                   Left Wing                Right Wing               Defense                  Defense                  
   Logan Couture            David Perron             Nikita Kucherov          Alexander Edler          Charles McAvoy           

Last Minutes Defensive
   Center                   Left Wing                Right Wing               Defense                  Defense                  
   Logan Couture            Pierre-Edouard Bellemare Nikita Kucherov          Alexander Edler          Connor Murphy            

Goaltenders
Starting : Connor Hellebuyck        
Backup : Laurent Brossoit         

Extra Forwards
Normal : Nikita Kucherov, Bo Horvat, Logan Couture - PP : Nikita Kucherov, Josh Anderson - PK : Pierre-Edouard Bellemare
Extra Defensemen
Normal : Charles McAvoy, Radko Gudas, Patrik Nemeth - PP : Charles McAvoy - PK : Josh Manson, Radko Gudas
Penalty Shots
Nikita Kucherov, Logan Couture, David Perron, Bo Horvat, Josh Anderson
Custom OT Lines Forwards
Nikita Kucherov, Logan Couture, David Perron, Evander Kane, Bo Horvat, Jean-Gabriel Pageau, Dominik Kahun, Josh Anderson, Jared McCann, Pierre-Edouard Bellemare
Custom OT Lines Defensemen
Charles McAvoy, Josh Manson, Radko Gudas, Connor Murphy, Patrik Nemeth

Scratches
None


% Time on Ice - WINNIPEG BEAVERS

Lines # - Real PCT - Wanted PCT - Time Play
Normal Forward
1 - 33% - 33% - 13:43
2 - 32% - 31% - 13:11
3 - 25% - 26% - 10:09
4 - 10% - 10% - 4:10
Normal Defense
1 - 20% - 32% - 8:06
2 - 32% - 31% - 13:13
3 - 25% - 28% - 10:08
4 - 24% - 9% - 9:46
PP Forward
1 - 45% - 52% - 1:47
2 - 55% - 48% - 2:11
PP Defense
1 - 57% - 52% - 2:16
2 - 43% - 48% - 1:42
PK Forward
1 - 56% - 52% - 8:13
2 - 44% - 48% - 6:30
PK Defense
1 - 49% - 50% - 7:15
2 - 51% - 50% - 7:28
PK3 Forward
1 - 63% - 55% - 1:15
2 - 37% - 45% - 0:44
PK3 Defense
1 - 4% - 55% - 0:05
2 - 96% - 45% - 1:54
44 Forward
1 - 0% - 51%
2 - 0% - 49%
44 Defense
1 - 0% - 51%
2 - 0% - 49%
Last Minute Offensive  - 0:00
Last Minute Defensive  - 0:00
Total
Forward - 61:53
Defense - 61:53

% Time on Ice - SAN DIEGO THUNDER

Lines # - Real PCT - Wanted PCT - Time Play
Normal Forward
1 - 36% - 34% - 15:02
2 - 31% - 31% - 12:55
3 - 23% - 25% - 9:29
4 - 9% - 10% - 3:47
Normal Defense
1 - 34% - 34% - 14:12
2 - 31% - 32% - 12:44
3 - 29% - 24% - 11:50
4 - 6% - 10% - 2:27
PP Forward
1 - 48% - 55% - 7:42
2 - 52% - 45% - 8:20
PP Defense
1 - 57% - 55% - 9:06
2 - 43% - 45% - 6:56
PK Forward
1 - 70% - 55% - 2:47
2 - 30% - 45% - 1:11
PK Defense
1 - 34% - 55% - 1:22
2 - 66% - 45% - 2:36
PK3 Forward
1 - 0% - 55%
2 - 0% - 45%
PK3 Defense
1 - 0% - 55%
2 - 0% - 45%
44 Forward
1 - 35% - 55% - 0:14
2 - 65% - 45% - 0:26
44 Defense
1 - 100% - 55% - 0:40
2 - 0% - 45% - 0:00
Last Minute Offensive  - 0:00
Last Minute Defensive  - 0:00
Total
Forward - 61:53
Defense - 61:53

Play-by-Play

1st period


0:01 of 1st period - David Krejci wins face-off versus David Perron in neutral zone.
0:20 of 1st period - Shot by Gustav Nyquist.
0:20 of 1st period - Stopped by Connor Hellebuyck without a rebound.
0:21 of 1st period - Mika Zibanejad wins face-off versus Bo Horvat in SAN DIEGO THUNDER zone.
0:22 of 1st period - Shot by Reyley Smith.
0:22 of 1st period - Stopped by Connor Hellebuyck with a rebound.
0:27 of 1st period - Evander Kane is hit by Justin Braun and loses puck.
0:41 of 1st period - Icing by Justin Braun.
0:42 of 1st period - Mika Zibanejad wins face-off versus Jean-Gabriel Pageau in WINNIPEG BEAVERS zone.
1:41 of 1st period - Shot by Logan Couture.
1:41 of 1st period - Shot Hit the Post.
1:43 of 1st period - Shot by Nikita Kucherov.
1:43 of 1st period - Shot Blocked by Zach Bogosian.
1:45 of 1st period - Shot by Logan Couture.
1:45 of 1st period - Shot Misses the Net.
1:47 of 1st period - Shot by Logan Couture.
1:47 of 1st period - Shot Blocked by Kevan Miller.
2:12 of 1st period - Icing by Alexander Edler.
2:13 of 1st period - David Krejci wins face-off versus Logan Couture in SAN DIEGO THUNDER zone.
2:28 of 1st period - Shot by Brad Marchand.
2:28 of 1st period - Stopped by Connor Hellebuyck with a rebound.
2:30 of 1st period - Shot by Brad Marchand.
2:30 of 1st period - Deflect By Gustav Nyquist.
2:30 of 1st period - Stopped by Connor Hellebuyck without a rebound.
2:31 of 1st period - Matt Cullen wins face-off versus Bo Horvat in SAN DIEGO THUNDER zone.
2:31 of 1st period - Matt Cullen is hit by Josh Manson.
2:33 of 1st period - Shot by Troy Brouwer.
2:33 of 1st period - Stopped by Connor Hellebuyck with a rebound.
2:40 of 1st period - Bo Horvat is hit by Justin Braun.
2:42 of 1st period - Shot by Evander Kane.
2:42 of 1st period - Shot Misses the Net.
2:43 of 1st period - Minor Penalty to Kris Russell for Slashing.
2:44 of 1st period - Bo Horvat wins face-off versus Travis Zajac in WINNIPEG BEAVERS zone.
4:52 of 1st period - Icing by Justin Braun.
4:53 of 1st period - Jean-Gabriel Pageau wins face-off versus David Krejci in WINNIPEG BEAVERS zone.
4:54 of 1st period - Shot by Pierre-Edouard Bellemare.
4:54 of 1st period - Stopped by Sergei Bobrovsky without a rebound.
4:55 of 1st period - David Krejci wins face-off versus Jean-Gabriel Pageau in WINNIPEG BEAVERS zone.
4:55 of 1st period - David Krejci is hit by Jean-Gabriel Pageau.
5:12 of 1st period - Shot by Jean-Gabriel Pageau.
5:12 of 1st period - Stopped by Sergei Bobrovsky with a rebound.
5:14 of 1st period - Shot by Pierre-Edouard Bellemare.
5:14 of 1st period - Shot Misses the Net.
5:17 of 1st period - Jean-Gabriel Pageau is hit by Nick Seeler and loses puck.
5:27 of 1st period - Jean-Gabriel Pageau is hit by Mike Green.
6:07 of 1st period - Shot by Bo Horvat.
6:07 of 1st period - Stopped by Sergei Bobrovsky without a rebound.
6:08 of 1st period - Travis Zajac wins face-off versus Logan Couture in WINNIPEG BEAVERS zone.
6:14 of 1st period - Nikita Kucherov is hit by Kevan Miller and loses puck.
6:35 of 1st period - Alexander Edler is hit by Brandon Tanev and loses puck.
6:48 of 1st period - Travis Zajac is hit by Nikita Kucherov and loses puck.
6:52 of 1st period - Minor Penalty to Kevan Miller for Hooking.
6:53 of 1st period - Bo Horvat wins face-off versus Travis Zajac in WINNIPEG BEAVERS zone.
7:26 of 1st period - Shot by Josh Anderson.
7:26 of 1st period - Shot Blocked by Justin Braun.
7:46 of 1st period - Shot by Nikita Kucherov.
7:46 of 1st period - Shot Misses the Net.
8:00 of 1st period - Shot by Nikita Kucherov.
8:00 of 1st period - Stopped by Sergei Bobrovsky without a rebound.
8:01 of 1st period - Travis Zajac wins face-off versus Bo Horvat in WINNIPEG BEAVERS zone.
8:01 of 1st period - Travis Zajac is hit by Evander Kane.
8:24 of 1st period - Shot by Evander Kane.
8:24 of 1st period - Shot Blocked by Zach Bogosian.
8:26 of 1st period - Shot by Connor Murphy.
8:26 of 1st period - Shot Misses the Net.
8:28 of 1st period - Shot by Connor Murphy.
8:28 of 1st period - Stopped by Sergei Bobrovsky without a rebound.
8:29 of 1st period - David Backes wins face-off versus David Perron in WINNIPEG BEAVERS zone.
9:30 of 1st period - Shot by Gustav Nyquist.
9:30 of 1st period - Stopped by Connor Hellebuyck without a rebound.
9:31 of 1st period - Mika Zibanejad wins face-off versus Bo Horvat in SAN DIEGO THUNDER zone.
10:56 of 1st period - Shot by Nikita Kucherov.
10:56 of 1st period - Stopped by Sergei Bobrovsky without a rebound.
10:57 of 1st period - Travis Zajac wins face-off versus Jean-Gabriel Pageau in WINNIPEG BEAVERS zone.
11:33 of 1st period - Shot by Brandon Tanev.
11:33 of 1st period - Shot Misses the Net.
11:41 of 1st period - Shot by Jean-Gabriel Pageau.
11:41 of 1st period - Stopped by Sergei Bobrovsky with a rebound.
12:51 of 1st period - Shot by Logan Couture.
12:51 of 1st period - Deflect By Nikita Kucherov.
12:51 of 1st period - Shot Blocked by Zach Bogosian.
13:52 of 1st period - Shot by Mika Zibanejad.
13:52 of 1st period - Shot Misses the Net.
13:54 of 1st period - Shot by Reyley Smith.
13:54 of 1st period - Goal by Reyley Smith - WINNIPEG BEAVERS : 1 - SAN DIEGO THUNDER : 0.
13:55 of 1st period - Josh Anderson wins face-off versus Reyley Smith in neutral zone.
14:16 of 1st period - Icing by Reyley Smith.
14:17 of 1st period - Mika Zibanejad wins face-off versus Jean-Gabriel Pageau in WINNIPEG BEAVERS zone.
14:55 of 1st period - Pierre-Edouard Bellemare is hit by Justin Braun and loses puck.
15:41 of 1st period - Josh Anderson is hit by Kris Russell and loses puck.
16:16 of 1st period - Shot by Travis Zajac.
16:16 of 1st period - Stopped by Connor Hellebuyck without a rebound.
16:17 of 1st period - Christian Fischer wins face-off versus Mika Zibanejad in SAN DIEGO THUNDER zone.
16:23 of 1st period - Icing by Kevan Miller.
16:24 of 1st period - Reyley Smith wins face-off versus Logan Couture in WINNIPEG BEAVERS zone.
16:24 of 1st period - Minor Penalty to Nikita Kucherov for Interference.
16:25 of 1st period - Travis Zajac wins face-off versus Jean-Gabriel Pageau in SAN DIEGO THUNDER zone.
16:43 of 1st period - Shot by Travis Zajac.
16:43 of 1st period - Shot Misses the Net.
17:03 of 1st period - Shot by Mika Zibanejad.
17:03 of 1st period - Stopped by Connor Hellebuyck with a rebound.
17:05 of 1st period - Shot by Mika Zibanejad.
17:05 of 1st period - Stopped by Connor Hellebuyck without a rebound.
17:06 of 1st period - David Krejci wins face-off versus Jean-Gabriel Pageau in SAN DIEGO THUNDER zone.
17:10 of 1st period - Brad Marchand is hit by Radko Gudas and loses puck.
18:16 of 1st period - Shot by Travis Zajac.
18:16 of 1st period - Stopped by Connor Hellebuyck with a rebound.
18:18 of 1st period - Shot by Mika Zibanejad.
18:18 of 1st period - Stopped by Connor Hellebuyck without a rebound.
18:19 of 1st period - Pierre-Edouard Bellemare wins face-off versus David Krejci in SAN DIEGO THUNDER zone.
18:41 of 1st period - Christian Fischer is hit by Kevan Miller and loses puck.
18:50 of 1st period - Dominik Kahun is hit by Troy Brouwer.
Goals for this period are 1 for WINNIPEG BEAVERS vs 0 for SAN DIEGO THUNDER.
Shots for this period are 12 for WINNIPEG BEAVERS vs 7 for SAN DIEGO THUNDER.

2nd period


0:01 of 2nd period - Bo Horvat wins face-off versus Mika Zibanejad in neutral zone.
0:17 of 2nd period - Shot by Mika Zibanejad.
0:17 of 2nd period - Stopped by Connor Hellebuyck without a rebound.
0:18 of 2nd period - David Krejci wins face-off versus Logan Couture in SAN DIEGO THUNDER zone.
0:30 of 2nd period - Minor Penalty to Brad Marchand for Interference.
0:31 of 2nd period - Travis Zajac wins face-off versus Bo Horvat in WINNIPEG BEAVERS zone.
0:31 of 2nd period - Travis Zajac is hit by Josh Anderson.
2:58 of 2nd period - Shot by Mika Zibanejad.
2:58 of 2nd period - Stopped by Connor Hellebuyck without a rebound.
2:59 of 2nd period - David Krejci wins face-off versus Christian Fischer in SAN DIEGO THUNDER zone.
3:02 of 2nd period - Shot by Brad Marchand.
3:02 of 2nd period - Stopped by Connor Hellebuyck without a rebound.
3:03 of 2nd period - David Krejci wins face-off versus Logan Couture in SAN DIEGO THUNDER zone.
3:36 of 2nd period - Off-side.
3:37 of 2nd period - Bo Horvat wins face-off versus Mika Zibanejad in neutral zone.
3:40 of 2nd period - Mika Zibanejad is hit by Bo Horvat and loses puck.
3:45 of 2nd period - Shot by Bo Horvat.
3:45 of 2nd period - Stopped by Sergei Bobrovsky without a rebound.
3:46 of 2nd period - Travis Zajac wins face-off versus Bo Horvat in WINNIPEG BEAVERS zone.
3:46 of 2nd period - Travis Zajac is hit by Evander Kane.
3:58 of 2nd period - Icing by David Backes.
3:59 of 2nd period - Travis Zajac wins face-off versus Logan Couture in WINNIPEG BEAVERS zone.
4:05 of 2nd period - Off-side.
4:06 of 2nd period - Bo Horvat wins face-off versus Mika Zibanejad in neutral zone.
4:24 of 2nd period - Mika Zibanejad is hit by Radko Gudas and loses puck.
5:05 of 2nd period - Josh Manson is hit by Zach Bogosian and loses puck.
5:08 of 2nd period - Shot by Logan Couture.
5:08 of 2nd period - Stopped by Sergei Bobrovsky without a rebound.
5:09 of 2nd period - Logan Couture wins face-off versus David Krejci in WINNIPEG BEAVERS zone.
5:26 of 2nd period - Icing by Kris Russell.
5:27 of 2nd period - Jean-Gabriel Pageau wins face-off versus David Krejci in WINNIPEG BEAVERS zone.
5:30 of 2nd period - Shot by Pierre-Edouard Bellemare.
5:30 of 2nd period - Shot Misses the Net.
5:46 of 2nd period - Shot by Brad Marchand.
5:46 of 2nd period - Shot Blocked by Patrik Nemeth.
5:52 of 2nd period - Shot by Brad Marchand.
5:52 of 2nd period - Stopped by Connor Hellebuyck without a rebound.
5:53 of 2nd period - Travis Zajac wins face-off versus Logan Couture in SAN DIEGO THUNDER zone.
6:47 of 2nd period - Icing by Kevan Miller.
6:48 of 2nd period - Travis Zajac wins face-off versus Bo Horvat in WINNIPEG BEAVERS zone.
6:48 of 2nd period - Travis Zajac is hit by Evander Kane.
9:33 of 2nd period - Off-side.
9:34 of 2nd period - Evander Kane wins face-off versus Matt Cullen in neutral zone.
9:37 of 2nd period - Kevan Miller is hit by Evander Kane and loses puck.
10:01 of 2nd period - Shot by Evander Kane.
10:01 of 2nd period - Shot Misses the Net.
11:03 of 2nd period - Icing by Mika Zibanejad.
11:04 of 2nd period - Mika Zibanejad wins face-off versus Logan Couture in WINNIPEG BEAVERS zone.
11:22 of 2nd period - Mika Zibanejad is hit by Patrik Nemeth and loses puck.
11:26 of 2nd period - Icing by Patrik Nemeth.
11:27 of 2nd period - David Krejci wins face-off versus Logan Couture in SAN DIEGO THUNDER zone.
11:57 of 2nd period - Icing by Logan Couture.
11:58 of 2nd period - Mika Zibanejad wins face-off versus Logan Couture in SAN DIEGO THUNDER zone.
12:20 of 2nd period - Icing by Mika Zibanejad.
12:21 of 2nd period - Mika Zibanejad wins face-off versus Jean-Gabriel Pageau in WINNIPEG BEAVERS zone.
13:29 of 2nd period - Shot by Evander Kane.
13:29 of 2nd period - Shot Misses the Net.
13:31 of 2nd period - Shot by Radko Gudas.
13:31 of 2nd period - Shot Blocked by Mike Green.
13:45 of 2nd period - Shot by Bo Horvat.
13:45 of 2nd period - Shot Misses the Net.
13:47 of 2nd period - Shot by Alexander Edler.
13:47 of 2nd period - Stopped by Sergei Bobrovsky without a rebound.
13:48 of 2nd period - Travis Zajac wins face-off versus Logan Couture in WINNIPEG BEAVERS zone.
13:48 of 2nd period - Travis Zajac is hit by Nikita Kucherov.
14:11 of 2nd period - Minor Penalty to David Backes for Hooking.
14:12 of 2nd period - Bo Horvat wins face-off versus Travis Zajac in WINNIPEG BEAVERS zone.
14:15 of 2nd period - Shot by Evander Kane.
14:15 of 2nd period - Shot Misses the Net.
14:29 of 2nd period - Shot by Alexander Edler.
14:29 of 2nd period - Shot Misses the Net.
16:12 of 2nd period - Minor Penalty to Mika Zibanejad for Roughing.
16:13 of 2nd period - David Backes wins face-off versus Nikita Kucherov in WINNIPEG BEAVERS zone.
17:00 of 2nd period - Icing by Bo Horvat.
17:01 of 2nd period - David Backes wins face-off versus Bo Horvat in SAN DIEGO THUNDER zone.
17:05 of 2nd period - Icing by Alexander Edler.
17:06 of 2nd period - Bo Horvat wins face-off versus Travis Zajac in SAN DIEGO THUNDER zone.
17:33 of 2nd period - Charles McAvoy is hit by David Backes and loses puck.
18:05 of 2nd period - Off-side.
18:06 of 2nd period - Travis Zajac wins face-off versus Bo Horvat in neutral zone.
18:47 of 2nd period - Shot by Gustav Nyquist.
18:47 of 2nd period - Shot Misses the Net.
18:49 of 2nd period - Shot by David Krejci.
18:49 of 2nd period - Stopped by Connor Hellebuyck without a rebound.
18:50 of 2nd period - Bo Horvat wins face-off versus Mika Zibanejad in SAN DIEGO THUNDER zone.
18:59 of 2nd period - Shot by Josh Anderson.
18:59 of 2nd period - Shot Blocked by Mika Zibanejad.
19:01 of 2nd period - Shot by Evander Kane.
19:01 of 2nd period - Stopped by Sergei Bobrovsky with a rebound.
19:17 of 2nd period - Shot by Evander Kane.
19:17 of 2nd period - Stopped by Sergei Bobrovsky without a rebound.
19:18 of 2nd period - Travis Zajac wins face-off versus David Perron in WINNIPEG BEAVERS zone.
19:18 of 2nd period - Brandon Tanev is hit by Nikita Kucherov and loses puck.
Goals for this period are 0 for WINNIPEG BEAVERS vs 0 for SAN DIEGO THUNDER.
Shots for this period are 5 for WINNIPEG BEAVERS vs 5 for SAN DIEGO THUNDER.

3rd period


0:01 of 3rd period - Bo Horvat wins face-off versus David Krejci in neutral zone.
0:04 of 3rd period - Shot by Josh Anderson.
0:04 of 3rd period - Shot Misses the Net.
0:18 of 3rd period - Shot by Evander Kane.
0:18 of 3rd period - Stopped by Sergei Bobrovsky without a rebound.
0:19 of 3rd period - Logan Couture wins face-off versus Travis Zajac in WINNIPEG BEAVERS zone.
1:10 of 3rd period - Minor Penalty to Brandon Tanev for Hooking.
1:11 of 3rd period - Bo Horvat wins face-off versus Mika Zibanejad in WINNIPEG BEAVERS zone.
1:12 of 3rd period - Shot by Evander Kane.
1:12 of 3rd period - Shot Blocked by Justin Braun.
1:14 of 3rd period - Shot by Evander Kane.
1:14 of 3rd period - Shot Misses the Net.
1:16 of 3rd period - Shot by Evander Kane.
1:16 of 3rd period - Stopped by Sergei Bobrovsky with a rebound.
1:18 of 3rd period - Shot by Evander Kane.
1:18 of 3rd period - Shot Misses the Net.
1:20 of 3rd period - Shot by Radko Gudas.
1:20 of 3rd period - Goal by Radko Gudas - WINNIPEG BEAVERS : 1 - SAN DIEGO THUNDER : 1.
1:21 of 3rd period - David Krejci wins face-off versus Bo Horvat in neutral zone.
1:29 of 3rd period - Off-side.
1:30 of 3rd period - Bo Horvat wins face-off versus David Krejci in neutral zone.
1:51 of 3rd period - Minor Penalty to Mike Green for Tripping.
1:52 of 3rd period - Travis Zajac wins face-off versus Logan Couture in WINNIPEG BEAVERS zone.
1:52 of 3rd period - Travis Zajac is hit by Nikita Kucherov.
2:13 of 3rd period - Shot by Logan Couture.
2:13 of 3rd period - Shot Blocked by Zach Bogosian.
2:34 of 3rd period - Off-side.
2:35 of 3rd period - Bo Horvat wins face-off versus David Backes in neutral zone.
2:48 of 3rd period - Off-side.
2:49 of 3rd period - Bo Horvat wins face-off versus Travis Zajac in neutral zone.
2:52 of 3rd period - Travis Zajac is hit by Evander Kane and loses puck.
2:57 of 3rd period - Shot by Evander Kane.
2:57 of 3rd period - Stopped by Sergei Bobrovsky without a rebound.
2:58 of 3rd period - David Backes wins face-off versus Logan Couture in WINNIPEG BEAVERS zone.
3:08 of 3rd period - Off-side.
3:09 of 3rd period - Logan Couture wins face-off versus Travis Zajac in neutral zone.
3:26 of 3rd period - Off-side.
3:27 of 3rd period - Bo Horvat wins face-off versus Travis Zajac in neutral zone.
3:44 of 3rd period - Shot by Alexander Edler.
3:44 of 3rd period - Stopped by Sergei Bobrovsky without a rebound.
3:45 of 3rd period - Logan Couture wins face-off versus Travis Zajac in WINNIPEG BEAVERS zone.
5:02 of 3rd period - Shot by Josh Anderson.
5:02 of 3rd period - Shot Misses the Net.
5:10 of 3rd period - Shot by Evander Kane.
5:10 of 3rd period - Stopped by Sergei Bobrovsky without a rebound.
5:11 of 3rd period - Mika Zibanejad wins face-off versus Logan Couture in WINNIPEG BEAVERS zone.
5:38 of 3rd period - Charles McAvoy is hit by Mika Zibanejad.
5:47 of 3rd period - Icing by Logan Couture.
5:48 of 3rd period - Travis Zajac wins face-off versus Logan Couture in SAN DIEGO THUNDER zone.
5:56 of 3rd period - Minor Penalty to Brandon Tanev for Hooking.
5:57 of 3rd period - Bo Horvat wins face-off versus Travis Zajac in WINNIPEG BEAVERS zone.
6:12 of 3rd period - Shot by Evander Kane.
6:12 of 3rd period - Shot Misses the Net.
6:14 of 3rd period - Shot by Evander Kane.
6:14 of 3rd period - Stopped by Sergei Bobrovsky without a rebound.
6:15 of 3rd period - Logan Couture wins face-off versus Travis Zajac in WINNIPEG BEAVERS zone.
6:16 of 3rd period - Shot by Nikita Kucherov.
6:16 of 3rd period - Stopped by Sergei Bobrovsky without a rebound.
6:17 of 3rd period - Logan Couture wins face-off versus Travis Zajac in WINNIPEG BEAVERS zone.
6:36 of 3rd period - Shot by Nikita Kucherov.
6:36 of 3rd period - Stopped by Sergei Bobrovsky without a rebound.
6:37 of 3rd period - David Backes wins face-off versus Bo Horvat in WINNIPEG BEAVERS zone.
6:54 of 3rd period - Shot by Evander Kane.
6:54 of 3rd period - Stopped by Sergei Bobrovsky with a rebound.
7:27 of 3rd period - Off-side.
7:28 of 3rd period - Mika Zibanejad wins face-off versus Logan Couture in neutral zone.
7:52 of 3rd period - Shot by Logan Couture.
7:52 of 3rd period - Shot Misses the Net.
7:54 of 3rd period - Shot by Logan Couture.
7:54 of 3rd period - Shot Misses the Net.
8:02 of 3rd period - Shot by Dominik Kahun.
8:02 of 3rd period - Stopped by Sergei Bobrovsky with a rebound.
8:04 of 3rd period - Shot by Jean-Gabriel Pageau.
8:04 of 3rd period - Shot Misses the Net.
8:51 of 3rd period - Shot by Bo Horvat.
8:51 of 3rd period - Stopped by Sergei Bobrovsky without a rebound.
8:52 of 3rd period - Logan Couture wins face-off versus Mika Zibanejad in WINNIPEG BEAVERS zone.
9:03 of 3rd period - Shot by Logan Couture.
9:03 of 3rd period - Shot Misses the Net.
9:23 of 3rd period - Shot by Nikita Kucherov.
9:23 of 3rd period - Shot Misses the Net.
9:25 of 3rd period - Shot by Logan Couture.
9:25 of 3rd period - Stopped by Sergei Bobrovsky without a rebound.
9:26 of 3rd period - Travis Zajac wins face-off versus Josh Anderson in WINNIPEG BEAVERS zone.
9:39 of 3rd period - Shot by Travis Zajac.
9:39 of 3rd period - Shot Blocked by Connor Murphy.
9:41 of 3rd period - Shot by David Backes.
9:41 of 3rd period - Shot Misses the Net.
9:43 of 3rd period - Shot by David Backes.
9:43 of 3rd period - Stopped by Connor Hellebuyck without a rebound.
9:44 of 3rd period - David Krejci wins face-off versus Jean-Gabriel Pageau in SAN DIEGO THUNDER zone.
9:49 of 3rd period - Shot by Gustav Nyquist.
9:49 of 3rd period - Shot Misses the Net.
9:52 of 3rd period - Icing by Patrik Nemeth.
9:53 of 3rd period - Mika Zibanejad wins face-off versus Jean-Gabriel Pageau in SAN DIEGO THUNDER zone.
9:56 of 3rd period - Shot by Mika Zibanejad.
9:56 of 3rd period - Stopped by Connor Hellebuyck without a rebound.
9:57 of 3rd period - Bo Horvat wins face-off versus Travis Zajac in SAN DIEGO THUNDER zone.
9:57 of 3rd period - Evander Kane is hit by Brandon Tanev and loses puck.
10:24 of 3rd period - Shot by Bo Horvat.
10:24 of 3rd period - Shot Blocked by Mike Green.
10:30 of 3rd period - Evander Kane is hit by Brandon Tanev and loses puck.
11:16 of 3rd period - Shot by Mika Zibanejad.
11:16 of 3rd period - Stopped by Connor Hellebuyck with a rebound.
12:04 of 3rd period - Off-side.
12:05 of 3rd period - Matt Cullen wins face-off versus Jean-Gabriel Pageau in neutral zone.
12:08 of 3rd period - Jean-Gabriel Pageau is hit by Troy Brouwer.
13:22 of 3rd period - Shot by Evander Kane.
13:22 of 3rd period - Stopped by Sergei Bobrovsky without a rebound.
13:23 of 3rd period - Bo Horvat wins face-off versus Mika Zibanejad in WINNIPEG BEAVERS zone.
13:24 of 3rd period - Shot by Josh Anderson.
13:24 of 3rd period - Shot Misses the Net.
13:51 of 3rd period - Minor Penalty to Radko Gudas for Tripping.
13:52 of 3rd period - David Krejci wins face-off versus Jean-Gabriel Pageau in SAN DIEGO THUNDER zone.
15:31 of 3rd period - Icing by Travis Zajac.
15:32 of 3rd period - Travis Zajac wins face-off versus Jean-Gabriel Pageau in WINNIPEG BEAVERS zone.
16:26 of 3rd period - Shot by Nikita Kucherov.
16:26 of 3rd period - Stopped by Sergei Bobrovsky without a rebound.
16:27 of 3rd period - Travis Zajac wins face-off versus James Neal in WINNIPEG BEAVERS zone.
17:04 of 3rd period - Shot by Travis Zajac.
17:04 of 3rd period - Deflect By David Backes.
17:04 of 3rd period - Shot Misses the Net.
17:49 of 3rd period - Shot by Nikita Kucherov.
17:49 of 3rd period - Shot Misses the Net.
18:00 of 3rd period - Logan Couture is hit by Nick Seeler and loses puck.
18:40 of 3rd period - Shot by Evander Kane.
18:40 of 3rd period - Shot Hit the Post.
18:42 of 3rd period - Shot by Patrik Nemeth.
18:42 of 3rd period - Shot Misses the Net.
18:44 of 3rd period - Shot by Charles McAvoy.
18:44 of 3rd period - Shot Misses the Net.
19:13 of 3rd period - Minor Penalty to Justin Braun for Hooking.
19:14 of 3rd period - Logan Couture wins face-off versus David Backes in WINNIPEG BEAVERS zone.
19:28 of 3rd period - Shot by Nikita Kucherov.
19:28 of 3rd period - Stopped by Sergei Bobrovsky without a rebound.
19:29 of 3rd period - Travis Zajac wins face-off versus Logan Couture in WINNIPEG BEAVERS zone.
19:46 of 3rd period - Shot by Logan Couture.
19:46 of 3rd period - Deflect By David Perron.
19:46 of 3rd period - Stopped by Sergei Bobrovsky without a rebound.
19:47 of 3rd period - Bo Horvat wins face-off versus David Backes in WINNIPEG BEAVERS zone.
19:53 of 3rd period - Minor Penalty to Kevan Miller for Tripping.
19:54 of 3rd period - Travis Zajac wins face-off versus Bo Horvat in WINNIPEG BEAVERS zone.
Goals for this period are 0 for WINNIPEG BEAVERS vs 1 for SAN DIEGO THUNDER.
Shots for this period are 3 for WINNIPEG BEAVERS vs 17 for SAN DIEGO THUNDER.

Overtime #1


0:01 of 1st overtime period - Travis Zajac wins face-off versus Logan Couture in neutral zone.
1:26 of 1st overtime period - Shot by Nikita Kucherov.
1:26 of 1st overtime period - Stopped by Sergei Bobrovsky without a rebound.
1:27 of 1st overtime period - Travis Zajac wins face-off versus Bo Horvat in WINNIPEG BEAVERS zone.
1:50 of 1st overtime period - Shot by Evander Kane.
1:50 of 1st overtime period - Shot Misses the Net.
2:20 of 1st overtime period - Shot by Jean-Gabriel Pageau.
2:20 of 1st overtime period - Shot Blocked by Kris Russell.
2:22 of 1st overtime period - Shot by Jean-Gabriel Pageau.
2:22 of 1st overtime period - Deflect By David Perron.
2:22 of 1st overtime period - Shot Blocked by Mika Zibanejad.
2:22 of 1st overtime period - Mika Zibanejad from WINNIPEG BEAVERS is injured at 2:22 of 1st overtime period (Bruised Right Arm).
2:23 of 1st overtime period - Logan Couture wins face-off versus David Krejci in WINNIPEG BEAVERS zone.
2:38 of 1st overtime period - Shot by Nikita Kucherov.
2:38 of 1st overtime period - Shot Hit the Post.
2:40 of 1st overtime period - Shot by Logan Couture.
2:40 of 1st overtime period - Stopped by Sergei Bobrovsky without a rebound.
2:41 of 1st overtime period - Logan Couture wins face-off versus David Krejci in WINNIPEG BEAVERS zone.
2:58 of 1st overtime period - Shot by Nikita Kucherov.
2:58 of 1st overtime period - Shot Hit the Post.
3:48 of 1st overtime period - Shot by David Perron.
3:48 of 1st overtime period - Shot Misses the Net.
Goals for this period are 0 for WINNIPEG BEAVERS vs 0 for SAN DIEGO THUNDER.
Shots for this period are 0 for WINNIPEG BEAVERS vs 2 for SAN DIEGO THUNDER.

ShootOut


5:00 of 1st overtime period - Round #1.
5:00 of 1st overtime period - WINNIPEG BEAVERS, Brad Marchand.
5:00 of 1st overtime period - Stopped by Connor Hellebuyck.
5:00 of 1st overtime period - SAN DIEGO THUNDER, Nikita Kucherov.
5:00 of 1st overtime period - Goal by Nikita Kucherov.
5:00 of 1st overtime period - Round #2.
5:00 of 1st overtime period - WINNIPEG BEAVERS, Gustav Nyquist.
5:00 of 1st overtime period - Stopped by Connor Hellebuyck.
5:00 of 1st overtime period - SAN DIEGO THUNDER, Logan Couture.
5:00 of 1st overtime period - Shot Misses the Net.
5:00 of 1st overtime period - Round #3.
5:00 of 1st overtime period - WINNIPEG BEAVERS, David Krejci.
5:00 of 1st overtime period - Goal by David Krejci.
5:00 of 1st overtime period - SAN DIEGO THUNDER, David Perron.
5:00 of 1st overtime period - Stopped by Sergei Bobrovsky.
5:00 of 1st overtime period - Round #4.
5:00 of 1st overtime period - WINNIPEG BEAVERS, Reyley Smith.
5:00 of 1st overtime period - Shot Misses the Net.
5:00 of 1st overtime period - SAN DIEGO THUNDER, Bo Horvat.
5:00 of 1st overtime period - Shot Misses the Net.
5:00 of 1st overtime period - Round #5.
5:00 of 1st overtime period - WINNIPEG BEAVERS, Gustav Nyquist.
5:00 of 1st overtime period - Shot Misses the Net.
5:00 of 1st overtime period - SAN DIEGO THUNDER, Josh Anderson.
5:00 of 1st overtime period - Goal by Josh Anderson.


NATHAN
MACKINNON
PHILLIP
DANAULT
CONNOR
MCDAVID

EAST COAST

HOCKEY LEAGUE

  • 25.QUE4CHI5
  • 26.CHA2LIM3
  • 27.TRV2LON3
  • 28.CHW4BAL2
  • 29.PITMAN
  • 30.ATLNHW
  • 31.WORPET
  • 32.RHI